 Dungeon Crawl Stone Soup version 0.26-a0-504-g0cf647090d (webtiles) character file.

Game seed: 15991328624237027356

36 KristoblXynda the Ducker (level 3, -5/27 HPs)
             Began as a Vampire Gladiator on Aug 8, 2020.
             Slain by a goblin
             ... wielding a +0 club
             ... led by Robin
              (8 damage)
             ... on level 2 of the Dungeon.
             The game lasted 00:01:39 (1210 turns).

KristoblXynda the Ducker (Vampire Gladiator)        Turns: 1210, Time: 00:01:40

Health: -5/27      AC:  4    Str: 14    XL:     3   Next: 19%
Magic:  3/3        EV: 13    Int: 10    God:
Gold:   75         SH:  0    Dex: 15    Spells: 2/2 levels left

rFire    . . .     SeeInvis +   a - +0 long sword
rCold    . . .     Faith    .   (no shield)
rNeg     . . .     Spirit   .   b - +0 leather armour
rPois    .         Reflect  .   c - +0 helmet
rElec    .         Harm     .   (no cloak)
rCorr    .                      (no gloves)
MR       .....                  (no boots)
Stlth    +.........             (no amulet)
HPRegen  0.29/turn              (no ring)
MPRegen  0.08/turn              (no ring)

@: regenerating quickly
A: fangs 3, see invisible, unbreathing
a: Exsanguinate


You were on level 2 of the Dungeon.
You visited 1 branch of the dungeon, and saw 2 of its levels.

You collected 75 gold pieces.

Inventory:

Hand Weapons
 a - a +0 long sword (weapon)
Missiles
 d - 2 throwing nets (quivered)
Armour
 b - a +0 leather armour (worn)
 c - a +0 helmet (worn)
Scrolls
 e - 2 scrolls of identify {unknown}
 f - a scroll of random uselessness {unknown}
 g - 3 scrolls of amnesia {unknown}
Potions
 h - a potion of curing {unknown}
 i - a potion of berserk rage {unknown}


   Skills:
 + Level 2.2 Fighting
 + Level 3.3 Long Blades
 - Level 2.0 Throwing
 + Level 3.7 Dodging
 + Level 0.4 Stealth


You had 2 spell levels left.
You didn't know any spells.
Your spell library was empty.

Dungeon Overview and Level Annotations

Branches:
Dungeon (2/15)

Altars:

Annotations:
D:2 Robin


Innate Abilities, Weirdness & Mutations

Your natural rate of healing is unusually fast.
You have razor-sharp teeth.
You have supernaturally acute eyesight. (SInv)
You can survive without breathing.


Message History

The goblin no longer looks unusually strong.
The giant cockroach barely misses you.
You riposte.
You hit the giant cockroach.
The giant cockroach is moderately wounded.
Robin roars a battlecry!
The goblin goes into a battle-frenzy!
Robin struggles against the net.
The giant cockroach misses you.
You catch the helpless Robin completely off-guard!
You hit Robin.
Robin is lightly wounded.
The goblin barely misses you. The giant cockroach misses you.
The goblin hits you with a +0 club.
* * * LOW HITPOINT WARNING * * *
Unknown command.
You hit Robin.
Robin is heavily wounded.
The hobgoblin no longer looks unusually strong.
The giant cockroach bites you but does no damage.
Robin struggles against the net.
The goblin hits you with a +0 club!
You die...

#.# #.#..# #.# #.#
#.#..####.# #.#
#.#........
..########.###.##..##.##
#..................##.#
...........###.##..##)##
###.##.#### #.........#
#g# ####....†.# #.##@#
#....... #..sg# #.....##
####g# ######.......


#Kg ........(..## #g.# ########.### #..# #.# .... #.# #..# #.# ...# #.# You
could see Robin (caught), a giant cockroach, a hobgoblin, 3 goblins and a
kobold.

Vanquished Creatures
  A worm (D:2)
  4 leopard geckos
  9 goblins (D:2)
  3 hobgoblins (D:1)
  4 jackals (D:1)
  3 bats
  A kobold (D:1)
  A rat (D:1)
26 creatures vanquished.

Notes
Turn   | Place    | Note
-------+----------+-------------------------------------------
     0 | D:1      | KristoblXynda the Vampire Gladiator began the quest for the
                  | Orb.
     0 | D:1      | Reached XP level 1. HP: 16/16 MP: 1/1
   268 | D:1      | Reached XP level 2. HP: 16/22 MP: 2/2
  1190 | D:2      | Noticed Robin
  1194 | D:2      | Reached XP level 3. HP: 27/27 MP: 3/3
  1210 | D:2      | Slain by a goblin

Illustrated notes

Levels and vault maps discovered:
D:1:      sevenhm_arrival_forest_fort_small_5, layout_loops_corners,
          serial_aquarium, aquarium_bridge_square [aquarium_subvault_bridge,
          aquarium_subvault_bridge, aquarium_subvault_wall,
          aquarium_subvault_wall], aquarium_window_corridor_3,
          aquarium_window_fake, aquarium_view_2c, aquarium_balcony_double_3
D:2:      layout_loops_ring, nicolae_tso_carved_into_rock,
          kennysheep_slug_shrine, minmay_misc_feat_tiny, uniq_robin

Skill      XL: |  1  2 |
---------------+-------+-----
Fighting       | 2 |  2.2
Throwing       | 2 |  2.0
Long Blades    | |  3.3
Dodging        | |  3.7
Stealth        | |  0.4

Action                   || total
-------------------------++-------
Melee: Long sword        ||    69
       Bite              ||     9
Throw: Throwing net      ||     1
 Stab: Sleeping          ||     1
       Held in net/web   ||     1
Armor: Leather armour    ||    17
Dodge: Dodged            ||    62
       Rpst.: Long sword ||    20

Table legend: (Time is in decaauts)
 A = Elapsed time spent in this place.
 B = Non-inter-level travel time spent in this place.
 C = Inter-level travel time spent in this place.
 D = Time resting spent in this place.
 E = Time spent auto-exploring this place.
 F = Levels seen in this place.
 G = Mean time per level.
                   A        B        C        D        E       F      G
               +--------+--------+--------+--------+--------+-----+--------+
         Total |   1232 |   1204 |     28 |      0 |    994 |   2 |  616.0 |
       Dungeon |   1232 |   1204 |     28 |      0 |    994 |   2 |  616.0 |
               +--------+--------+--------+--------+--------+-----+--------+

Top non-repeatable levels by time:
     D:1: 1085 daAuts
     D:2: 146 daAuts
